Sharks vs Maple Leafs
(R1)
Created - May 20, 2021 at 19:22
Goals
|
Sharks |
2 |
1 |
2 |
5 |
Maple Leafs |
4 |
1 |
1 |
6 |
|
Shots
|
Sharks |
11 |
6 |
18 |
35 |
Maple Leafs |
14 |
16 |
7 |
37 |
|
1st period
1. Maple Leafs , Jake Guentzel 2 (Ben Smith 3) at 0:25
2. Sharks , Nick Palmieri 6 (Jason Spezza 7, PK Subban 3) at 9:23
3. Maple Leafs , Mika Zibanejad 2 (Kevin Shattenkirk 6, Blake Comeau 2) at 14:29
4. Sharks , Milan Michalek 3 (Jason Spezza 8) at 14:37
5. Maple Leafs , Logan Couture 3 (Jake Guentzel 3, Hampus Lindholm 4) at 16:09
6. Maple Leafs , Beau Bennett 1 (Andre Burakovsky 2, Brayden Schenn 1) at 17:27
Penalties :
Milan Michalek (SJS) for Hooking (Minor) at 9:51
2nd period
7. Sharks , Oskar Osala 2 (Boone Jenner 1, T.J. Hensick 3) at 1:08 (PP)
8. Maple Leafs , Brayden Schenn 2 (Patrick Kane 4, Kevin Shattenkirk 7) at 8:24 (SH)
Penalties :
Logan Couture (Tor) for High sticking (Minor) at 0:03, Ben Smith (Tor) for Holding Stick (Minor) at 3:34, Ryan Parent (Tor) for Interference (Minor) at 7:44, Kevin Shattenkirk (Tor) for Interference (Minor) at 11:30
3rd period
9. Maple Leafs , Dany Heatley 2 (Blake Comeau 3, Hampus Lindholm 5) at 1:06
10. Sharks , PK Subban 1 (Karl Alzner 2) at 5:24
11. Sharks , Zach Boychuk 1 (Karl Alzner 3, Luke Adam 1) at 16:26
Penalties :
Beau Bennett (Tor) for Hooking (Minor) at 1:55, Braydon Coburn (Tor) for Hooking (Minor) at 9:44, Kevin Shattenkirk (Tor) for Tripping (Minor) at 13:37, Patrick Kane (Tor) for Cross-checking (Minor) at 19:50
Goalie Stats
Antti Niemi (SJS), 8 saves from 12 shots - (0.667), 17:27 minutes
Ryan Miller (SJS), 23 saves from 25 shots - (0.920), L, 2-4-0, 41:32 minutes
John Gibson (Tor), 30 saves from 35 shots - (0.857), W, 4-1-0, 60:00 minutes
Players Stats for Sharks
Player Name G A P +/- PIM S H SB GA TA FO MP PP MP PK MP
------------------------------------------------------------------------------------
Andrej Sekera 0 0 0 -2 0 1 0 0 0 1 0/0 20:02 0:02 0:43
Bobby Butler 0 0 0 0 0 1 1 0 0 0 0/1 14:13 0:57 0:00
Boone Jenner 0 1 1 -1 0 1 1 0 0 1 0/0 10:57 5:10 0:15
Brayden McNabb 0 0 0 0 0 0 2 1 0 1 0/0 8:26 0:00 0:00
David Rundblad 0 0 0 0 0 0 0 0 0 0 0/0 3:06 0:00 0:00
Drew Doughty 0 0 0 -2 0 3 2 0 2 1 0/0 29:32 7:54 1:16
Jason Spezza 0 2 2 1 0 4 2 0 0 0 20/32 23:39 7:01 0:58
Jiri Tlusty 0 0 0 1 0 0 1 0 0 0 0/0 8:44 0:57 0:00
Karl Alzner 0 2 2 0 0 0 0 0 0 2 0/0 18:54 5:12 0:43
Luke Adam 0 1 1 -1 0 0 0 1 0 0 4/8 11:46 0:00 0:00
Mike Cammalleri 0 0 0 -2 0 3 3 1 0 1 1/1 20:48 7:01 0:59
Milan Michalek 1 0 1 2 2 2 1 0 0 0 0/1 15:16 0:57 0:00
Nick Palmieri 1 0 1 1 0 5 0 0 1 0 1/2 24:03 7:01 1:00
Oskar Osala 1 0 1 -3 0 4 0 2 1 1 1/2 15:15 5:10 0:00
PK Subban 1 1 2 0 0 3 1 1 0 1 0/0 23:24 5:14 1:16
T.J. Hensick 0 1 1 -3 0 3 1 0 0 0 11/18 20:20 5:10 0:00
Tyler Cuma 0 0 0 0 0 0 0 0 0 0 0/0 16:36 7:54 0:00
Zach Boychuk 1 0 1 -1 0 5 1 0 0 0 0/0 12:59 0:00 0:46
Players Stats for Maple Leafs
Player Name G A P +/- PIM S H SB GA TA FO MP PP MP PK MP
------------------------------------------------------------------------------------
Andre Burakovsky 0 1 1 0 0 1 0 0 0 0 0/0 8:22 0:00 0:00
Beau Bennett 1 0 1 -1 2 1 0 0 1 0 1/1 9:51 0:00 0:00
Ben Smith 0 1 1 2 2 3 3 0 0 1 0/0 12:04 0:55 0:00
Blake Comeau 0 2 2 1 0 1 0 0 0 1 0/0 8:56 0:00 0:00
Bo Horvat 0 0 0 -1 0 1 0 0 0 0 9/17 12:24 0:00 0:00
Brayden Schenn 1 1 2 0 0 5 2 0 1 0 7/14 19:05 1:04 5:17
Braydon Coburn 0 0 0 1 2 2 0 0 0 0 0/0 18:50 0:50 4:23
Calvin de Haan 0 0 0 1 0 0 0 1 0 0 0/0 13:49 0:00 3:34
Claude Giroux 0 0 0 -2 0 5 3 0 3 1 0/0 24:03 1:04 7:56
Dany Heatley 1 0 1 1 0 2 1 0 0 0 0/0 11:13 0:00 1:50
Hampus Lindholm 0 2 2 1 0 2 1 1 0 0 0/0 19:07 0:50 5:14
Jake Guentzel 1 1 2 2 0 5 0 1 1 0 0/1 11:28 0:55 0:00
John Klingberg 0 0 0 0 0 2 1 0 1 0 0/0 30:05 1:09 7:54
Kevin Shattenkirk 0 2 2 0 4 0 3 3 1 1 0/0 27:54 1:09 5:11
Logan Couture 1 0 1 2 2 1 0 1 0 0 7/21 18:25 0:55 6:58
Mika Zibanejad 1 0 1 1 0 3 0 2 0 0 3/10 10:05 0:00 0:53
Patrick Kane 0 1 1 0 2 3 2 0 1 0 0/1 19:19 1:04 3:22
Ryan Parent 0 0 0 1 2 0 0 0 0 0 0/0 11:44 0:00 0:00
3 Stars
1 - Jake Guentzel (Tor)
2 - Brayden Schenn (Tor)
3 - PK Subban (SJS)
Power Play
Sharks - 1 on 8 Attempt(s) - 12.50%
Maple Leafs - 0 on 1 Attempt(s) - 0.00%
Penalty Kill
Sharks - 1 on 1 Attempt(s) - 100.00%
- Score 0 goal in Penalty Kill
Maple Leafs - 7 on 8 Attempt(s) - 87.50%
- Score 1 goal in Penalty Kill
Team Stat
Sharks - Hits : 16 - Faceoff Wins : 38 - Blocked Shots : 6 - Penalty Minutes : 2
Maple Leafs - Hits : 16 - Faceoff Wins : 27 - Blocked Shots : 9 - Penalty Minutes : 16
Official
Referees : Unknown
Linesman : Unknown
Game Notes
Ryan Miller enters game at 17:27 of 1st period
Finance
Level 1 -- Attendance: 5985 (99.75%) -- Ticket Income $658,350
Level 2 -- Attendance: 4672 (93.44%) -- Ticket Income $327,040
Level 3 -- Attendance: 1876 (93.80%) -- Ticket Income $86,296
Level 4 -- Attendance: 3859 (96.48%) -- Ticket Income $115,770
Luxury Box -- Attendance: 1000 (100.00%) -- Ticket Income $180,000
Game was played at the Maple Leafs Garden.
Total Attendance: 17392 (96.62%)
Total Ticket Income: $1,367,456
Other Income: $205,118
Total Income: $1,572,574
Sharks
5 vs 5 Forward
Center Left Wing Right Wing Time % Phy DF OF
1 Jason Spezza Milan Michalek Nick Palmieri 40 1 2 2
2 T.J. Hensick Mike Cammalleri Oskar Osala 30 1 2 2
3 Luke Adam Zach Boychuk Bobby Butler 20 1 3 1
4 T.J. Hensick Jiri Tlusty Boone Jenner 10 1 3 1
5 vs 5 Defense
Defense Defense Time % Phy DF OF
1 Drew Doughty Andrej Sekera 40 1 2 2
2 PK Subban Karl Alzner 30 1 2 2
3 Tyler Cuma Brayden McNabb 20 1 2 2
4 David Rundblad PK Subban 10 1 2 2
PowerPlay Forward
Center Left Wing Right Wing Time % Phy DF OF
1 Jason Spezza Mike Cammalleri Nick Palmieri 60 1 2 2
2 T.J. Hensick Boone Jenner Oskar Osala 40 1 2 2
PowerPlay Defense
Defense Defense Time % Phy DF OF
1 Drew Doughty Tyler Cuma 60 1 2 2
2 PK Subban Karl Alzner 40 1 2 2
Penalty Kill 4 Players Forward
Center Wing Time % Phy DF OF
1 Jason Spezza Nick Palmieri 60 1 3 1
2 Mike Cammalleri Milan Michalek 40 1 3 1
Penalty Kill 4 Players Defense
Defense Defense Time % Phy DF OF
1 Drew Doughty PK Subban 60 1 3 1
2 Andrej Sekera Karl Alzner 40 1 3 1
Penalty Kill - 3 Players Forward
Forward Time % Phy DF OF
1 Jason Spezza 60 1 4 0
2 Nick Palmieri 40 1 4 0
Penalty Kill - 3 Players Defense
Defense Defense Time % Phy DF OF
1 Drew Doughty PK Subban 60 1 4 0
2 Andrej Sekera Karl Alzner 40 1 4 0
4 vs 4 Forward
Center Wing Time % Phy DF OF
1 Jason Spezza Nick Palmieri 60 1 2 2
2 Mike Cammalleri Luke Adam 40 1 2 2
4 vs 4 Defense
Defense Defense Time % Phy DF OF
1 Drew Doughty Tyler Cuma 60 1 2 2
2 PK Subban Karl Alzner 40 1 2 2
Last Minutes Offensive
Center Left Wing Right Wing Defense Defense
Jason Spezza Mike Cammalleri Nick Palmieri Drew Doughty PK Subban
Last Minutes Defensive
Center Left Wing Right Wing Defense Defense
Jason Spezza Mike Cammalleri Nick Palmieri Drew Doughty Andrej Sekera
Goaltenders
Starting : Antti Niemi
Backup : Ryan Miller
Extra Forwards
Normal : Milan Michalek, Bobby Butler, Jiri Tlusty - PP : Milan Michalek, Bobby Butler - PK : Zach Boychuk
Extra Defensemen
Normal : Andrej Sekera, Brayden McNabb, David Rundblad - PP : Andrej Sekera - PK : Brayden McNabb, David Rundblad
Penalty Shots
Jason Spezza, Nick Palmieri, Mike Cammalleri, Milan Michalek, Drew Doughty
Scratches
Brandon Dubinsky (Upper Body Injury)
Maple Leafs
5 vs 5 Forward
Center Left Wing Right Wing Time % Phy DF OF
1 Bo Horvat Claude Giroux Patrick Kane 40 1 2 2
2 Logan Couture Jake Guentzel Ben Smith 30 1 2 2
3 Brayden Schenn Andre Burakovsky Beau Bennett 20 1 2 2
4 Mika Zibanejad Dany Heatley Blake Comeau 10 1 2 2
5 vs 5 Defense
Defense Defense Time % Phy DF OF
1 Kevin Shattenkirk John Klingberg 40 1 2 2
2 Braydon Coburn Hampus Lindholm 30 1 2 2
3 Ryan Parent Calvin de Haan 20 1 2 2
4 Kevin Shattenkirk John Klingberg 10 1 2 2
PowerPlay Forward
Center Left Wing Right Wing Time % Phy DF OF
1 Brayden Schenn Claude Giroux Patrick Kane 60 1 2 2
2 Logan Couture Jake Guentzel Ben Smith 40 1 2 2
PowerPlay Defense
Defense Defense Time % Phy DF OF
1 Kevin Shattenkirk John Klingberg 60 1 2 2
2 Braydon Coburn Hampus Lindholm 40 1 2 2
Penalty Kill 4 Players Forward
Center Wing Time % Phy DF OF
1 Logan Couture Claude Giroux 60 1 2 2
2 Brayden Schenn Patrick Kane 40 1 2 2
Penalty Kill 4 Players Defense
Defense Defense Time % Phy DF OF
1 Kevin Shattenkirk John Klingberg 60 1 2 2
2 Braydon Coburn Hampus Lindholm 40 1 2 2
Penalty Kill - 3 Players Forward
Forward Time % Phy DF OF
1 Brayden Schenn 60 1 2 2
2 Logan Couture 40 1 2 2
Penalty Kill - 3 Players Defense
Defense Defense Time % Phy DF OF
1 Kevin Shattenkirk John Klingberg 60 1 2 2
2 Braydon Coburn Hampus Lindholm 40 1 2 2
4 vs 4 Forward
Center Wing Time % Phy DF OF
1 Logan Couture Patrick Kane 60 1 2 2
2 Brayden Schenn Claude Giroux 40 1 2 2
4 vs 4 Defense
Defense Defense Time % Phy DF OF
1 Kevin Shattenkirk John Klingberg 60 1 2 2
2 Braydon Coburn Hampus Lindholm 40 1 2 2
Last Minutes Offensive
Center Left Wing Right Wing Defense Defense
Brayden Schenn Claude Giroux Patrick Kane Kevin Shattenkirk John Klingberg
Last Minutes Defensive
Center Left Wing Right Wing Defense Defense
Brayden Schenn Claude Giroux Patrick Kane Kevin Shattenkirk Braydon Coburn
Goaltenders
Starting : John Gibson
Backup : Tyler Weiman
Extra Forwards
Normal : Mika Zibanejad, Dany Heatley, Brayden Schenn - PP : Mika Zibanejad, Dany Heatley - PK : Logan Couture
Extra Defensemen
Normal : Ryan Parent, Calvin de Haan, Braydon Coburn - PP : Ryan Parent - PK : Calvin de Haan, Braydon Coburn
Penalty Shots
Claude Giroux, Patrick Kane, Brayden Schenn, Ben Smith, Logan Couture
Scratches
Chris Kelly (Healthy)
% Time on Ice - Sharks
Lines # - Real PCT - Wanted PCT - Time Play
Normal Forward
1 - 38% - 40% - 16:35
2 - 23% - 30% - 10:05
3 - 27% - 20% - 11:46
4 - 13% - 10% - 5:30
Normal Defense
1 - 44% - 40% - 19:25
2 - 30% - 30% - 12:59
3 - 19% - 20% - 8:26
4 - 7% - 10% - 3:06
PP Forward
1 - 55% - 60% - 7:16
2 - 45% - 40% - 5:52
PP Defense
1 - 60% - 60% - 7:56
2 - 40% - 40% - 5:12
PK Forward
1 - 65% - 60% - 1:17
2 - 35% - 40% - 0:42
PK Defense
1 - 64% - 60% - 1:16
2 - 36% - 40% - 0:43
PK3 Forward
1 - 0% - 60%
2 - 0% - 40%
PK3 Defense
1 - 0% - 60%
2 - 0% - 40%
44 Forward
1 - 0% - 60%
2 - 0% - 40%
44 Defense
1 - 0% - 60%
2 - 0% - 40%
Last Minute Offensive - 0:57
Last Minute Defensive - 0:00
Total
Forward - 60:00
Defense - 60:00
|
% Time on Ice - Maple Leafs
Lines # - Real PCT - Wanted PCT - Time Play
Normal Forward
1 - 33% - 40% - 14:32
2 - 28% - 30% - 12:05
3 - 19% - 20% - 8:22
4 - 20% - 10% - 8:56
Normal Defense
1 - 42% - 40% - 18:27
2 - 30% - 30% - 13:02
3 - 23% - 20% - 10:15
4 - 5% - 10% - 2:11
PP Forward
1 - 54% - 60% - 1:04
2 - 46% - 40% - 0:55
PP Defense
1 - 58% - 60% - 1:09
2 - 42% - 40% - 0:50
PK Forward
1 - 74% - 60% - 9:46
2 - 26% - 40% - 3:22
PK Defense
1 - 65% - 60% - 8:32
2 - 35% - 40% - 4:36
PK3 Forward
1 - 0% - 60%
2 - 0% - 40%
PK3 Defense
1 - 0% - 60%
2 - 0% - 40%
44 Forward
1 - 0% - 60%
2 - 0% - 40%
44 Defense
1 - 0% - 60%
2 - 0% - 40%
Last Minute Offensive - 0:00
Last Minute Defensive - 0:58
Total
Forward - 60:00
Defense - 60:00
|
Play-by-Play
1st period
0:01 of 1st period - Bo Horvat wins face-off versus Jason Spezza in neutral zone.
0:13 of 1st period - Wrist shot by Claude Giroux.
0:13 of 1st period - Stopped by Antti Niemi without a rebound.
0:14 of 1st period - T.J. Hensick wins face-off versus Logan Couture in Sharks zone.
0:25 of 1st period - Snap shot by Jake Guentzel.
0:25 of 1st period - Goal by Jake Guentzel - Sharks : 0 - Maple Leafs : 1.
0:26 of 1st period - Luke Adam wins face-off versus Brayden Schenn in neutral zone.
2:46 of 1st period - Snap shot by Jake Guentzel.
2:46 of 1st period - Stopped by Antti Niemi with a rebound.
3:04 of 1st period - Snap shot by Jason Spezza.
3:04 of 1st period - Stopped by John Gibson with a rebound.
6:12 of 1st period - Snap shot by Nick Palmieri.
6:12 of 1st period - Stopped by John Gibson with a rebound.
6:26 of 1st period - Brayden Schenn is hit by Brayden McNabb and loses puck.
7:01 of 1st period - Nick Palmieri is hit by Patrick Kane and loses puck.
7:39 of 1st period - Wrist shot by Brayden Schenn.
7:39 of 1st period - Deflect By Mika Zibanejad.
7:39 of 1st period - Shot Misses the Net.
7:39 of 1st period - Puck is out of play.
7:40 of 1st period - Luke Adam wins face-off versus Mika Zibanejad in Sharks zone.
7:51 of 1st period - Snap shot by Zach Boychuk.
7:51 of 1st period - Stopped by John Gibson with a rebound.
8:19 of 1st period - Hampus Lindholm is hit by PK Subban and loses puck.
8:54 of 1st period - Snap shot by Zach Boychuk.
8:54 of 1st period - Shot Misses the Net.
9:07 of 1st period - Icing by Bobby Butler.
9:08 of 1st period - Luke Adam wins face-off versus Mika Zibanejad in Sharks zone.
9:23 of 1st period - Snap shot by Nick Palmieri.
9:23 of 1st period - Goal by Nick Palmieri - Sharks : 1 - Maple Leafs : 1.
9:24 of 1st period - Bo Horvat wins face-off versus T.J. Hensick in neutral zone.
9:51 of 1st period - Minor Penalty to Milan Michalek for Hooking.
9:52 of 1st period - Jason Spezza wins face-off versus Brayden Schenn in Sharks zone.
9:52 of 1st period - Jason Spezza is hit by Kevin Shattenkirk.
10:18 of 1st period - Nick Palmieri is hit by Ben Smith.
11:51 of 1st period - Penalty to Milan Michalek is over, Milan Michalek is back on ice.
12:06 of 1st period - Slapshot by John Klingberg.
12:06 of 1st period - Stopped by Antti Niemi without a rebound.
12:07 of 1st period - Mika Zibanejad wins face-off versus T.J. Hensick in Sharks zone.
12:52 of 1st period - Jake Guentzel is hit by Mike Cammalleri and loses puck.
13:03 of 1st period - Nick Palmieri is hit by Hampus Lindholm and loses puck.
13:20 of 1st period - Wrist shot by Brayden Schenn.
13:20 of 1st period - Stopped by Antti Niemi with a rebound.
13:22 of 1st period - Wrist shot by Patrick Kane.
13:22 of 1st period - Stopped by Antti Niemi with a rebound.
13:49 of 1st period - Wrist shot by Oskar Osala.
13:49 of 1st period - Shot Misses the Net.
14:09 of 1st period - Dany Heatley is hit by Drew Doughty.
14:29 of 1st period - Snap shot by Mika Zibanejad.
14:29 of 1st period - Goal by Mika Zibanejad - Sharks : 1 - Maple Leafs : 2.
14:30 of 1st period - Jason Spezza wins face-off versus Patrick Kane in neutral zone.
14:37 of 1st period - Slapshot by Milan Michalek.
14:37 of 1st period - Goal by Milan Michalek - Sharks : 2 - Maple Leafs : 2.
14:38 of 1st period - Bo Horvat wins face-off versus Jason Spezza in neutral zone.
15:30 of 1st period - Milan Michalek is hit by Ben Smith and loses puck.
15:57 of 1st period - Hampus Lindholm is hit by Jason Spezza.
16:09 of 1st period - Slapshot by Logan Couture.
16:09 of 1st period - Goal by Logan Couture - Sharks : 2 - Maple Leafs : 3.
16:10 of 1st period - T.J. Hensick wins face-off versus Bo Horvat in neutral zone.
16:15 of 1st period - Snap shot by Oskar Osala.
16:15 of 1st period - Stopped by John Gibson without a rebound.
16:16 of 1st period - Bo Horvat wins face-off versus T.J. Hensick in Maple Leafs zone.
16:16 of 1st period - Bo Horvat is hit by Mike Cammalleri.
16:43 of 1st period - Drew Doughty is hit by Kevin Shattenkirk and loses puck.
16:48 of 1st period - Snap shot by Kevin Shattenkirk.
16:48 of 1st period - Shot Blocked by Luke Adam.
16:50 of 1st period - Slapshot by John Klingberg.
16:50 of 1st period - Deflect By Jake Guentzel.
16:50 of 1st period - Stopped by Antti Niemi with a rebound.
16:52 of 1st period - Slapshot by John Klingberg.
16:52 of 1st period - Stopped by Antti Niemi with a rebound.
17:01 of 1st period - Off-side.
17:02 of 1st period - Brayden Schenn wins face-off versus T.J. Hensick in neutral zone.
17:25 of 1st period - Snap shot by Andre Burakovsky.
17:25 of 1st period - Stopped by Antti Niemi with a rebound.
17:27 of 1st period - Wrist shot by Beau Bennett.
17:27 of 1st period - Goal by Beau Bennett - Sharks : 2 - Maple Leafs : 4.
17:27 of 1st period - Ryan Miller enters game.
17:28 of 1st period - T.J. Hensick wins face-off versus Bo Horvat in neutral zone.
17:35 of 1st period - Slapshot by Drew Doughty.
17:35 of 1st period - Deflect By Oskar Osala.
17:35 of 1st period - Shot Misses the Net.
17:35 of 1st period - Puck is out of play.
17:36 of 1st period - Oskar Osala wins face-off versus Bo Horvat in Maple Leafs zone.
17:53 of 1st period - Snap shot by Claude Giroux.
17:53 of 1st period - Deflect By Patrick Kane.
17:53 of 1st period - Stopped by Ryan Miller with a rebound.
18:39 of 1st period - Andrej Sekera is hit by Patrick Kane and loses puck.
19:22 of 1st period - Slapshot by Oskar Osala.
19:22 of 1st period - Shot Blocked by Kevin Shattenkirk.
19:24 of 1st period - Wrist shot by Mike Cammalleri.
19:24 of 1st period - Stopped by John Gibson with a rebound.
19:26 of 1st period - Slapshot by T.J. Hensick.
19:26 of 1st period - Stopped by John Gibson with a rebound.
19:30 of 1st period - Snap shot by T.J. Hensick.
19:30 of 1st period - Stopped by John Gibson with a rebound.
19:36 of 1st period - Snap shot by Oskar Osala.
19:36 of 1st period - Stopped by John Gibson without a rebound.
19:37 of 1st period - Jason Spezza wins face-off versus Jake Guentzel in Maple Leafs zone.
19:40 of 1st period - Wrist shot by Nick Palmieri.
19:40 of 1st period - Stopped by John Gibson with a rebound.
19:52 of 1st period - Slapshot by Hampus Lindholm.
19:52 of 1st period - Stopped by Ryan Miller without a rebound.
19:53 of 1st period - Jason Spezza wins face-off versus Brayden Schenn in Sharks zone.
19:53 of 1st period - Jason Spezza is hit by Brayden Schenn.
Goals for this period are 2 for Sharks vs 4 for Maple Leafs.
Shots for this period are 11 for Sharks vs 14 for Maple Leafs.
2nd period
0:01 of 2nd period - Logan Couture wins face-off versus Milan Michalek in neutral zone.
0:03 of 2nd period - Minor Penalty to Logan Couture for High sticking.
0:04 of 2nd period - Jason Spezza wins face-off versus Brayden Schenn in Maple Leafs zone.
0:33 of 2nd period - Icing by Oskar Osala.
0:34 of 2nd period - Brayden Schenn wins face-off versus T.J. Hensick in Sharks zone.
0:47 of 2nd period - Brayden Schenn is hit by Mike Cammalleri.
1:02 of 2nd period - Snap shot by T.J. Hensick.
1:02 of 2nd period - Deflect By Boone Jenner.
1:02 of 2nd period - Stopped by John Gibson without a rebound.
1:03 of 2nd period - T.J. Hensick wins face-off versus Mika Zibanejad in Maple Leafs zone.
1:06 of 2nd period - Snap shot by Boone Jenner.
1:06 of 2nd period - Shot Blocked by Mika Zibanejad.
1:08 of 2nd period - Wrist shot by Oskar Osala.
1:08 of 2nd period - Goal by Oskar Osala - Sharks : 3 - Maple Leafs : 4.
1:09 of 2nd period - Nick Palmieri wins face-off versus Logan Couture in neutral zone.
2:00 of 2nd period - Wrist shot by Bobby Butler.
2:00 of 2nd period - Stopped by John Gibson with a rebound.
2:22 of 2nd period - Icing by Hampus Lindholm.
2:23 of 2nd period - Mika Zibanejad wins face-off versus Jason Spezza in Maple Leafs zone.
2:23 of 2nd period - Mika Zibanejad is hit by Jason Spezza.
2:41 of 2nd period - Snap shot by Mika Zibanejad.
2:41 of 2nd period - Shot Misses the Net.
2:59 of 2nd period - Slapshot by Mika Zibanejad.
2:59 of 2nd period - Stopped by Ryan Miller without a rebound.
3:00 of 2nd period - Bo Horvat wins face-off versus Oskar Osala in Sharks zone.
3:34 of 2nd period - Minor Penalty to Ben Smith for Holding Stick.
3:35 of 2nd period - Mike Cammalleri wins face-off versus Logan Couture in Maple Leafs zone.
5:34 of 2nd period - Penalty to Ben Smith is over, Ben Smith is back on ice.
6:04 of 2nd period - Wrist shot by Claude Giroux.
6:04 of 2nd period - Stopped by Ryan Miller with a rebound.
6:06 of 2nd period - Snap shot by Claude Giroux.
6:06 of 2nd period - Stopped by Ryan Miller with a rebound.
6:08 of 2nd period - Slapshot by Brayden Schenn.
6:08 of 2nd period - Shot Blocked by PK Subban.
6:10 of 2nd period - Wrist shot by Brayden Schenn.
6:10 of 2nd period - Stopped by Ryan Miller without a rebound.
6:11 of 2nd period - T.J. Hensick wins face-off versus Mika Zibanejad in Sharks zone.
6:34 of 2nd period - Wrist shot by Dany Heatley.
6:34 of 2nd period - Stopped by Ryan Miller with a rebound.
7:12 of 2nd period - Ryan Parent is hit by Brayden McNabb and loses puck.
7:44 of 2nd period - Minor Penalty to Ryan Parent for Interference.
7:45 of 2nd period - Jason Spezza wins face-off versus Logan Couture in Maple Leafs zone.
7:50 of 2nd period - Wrist shot by Jason Spezza.
7:50 of 2nd period - Stopped by John Gibson without a rebound.
7:51 of 2nd period - Logan Couture wins face-off versus Jason Spezza in Maple Leafs zone.
8:06 of 2nd period - Wrist shot by Nick Palmieri.
8:06 of 2nd period - Stopped by John Gibson with a rebound.
8:18 of 2nd period - Slapshot by Patrick Kane.
8:18 of 2nd period - Shot Misses the Net.
8:20 of 2nd period - Backhand shot by Brayden Schenn.
8:20 of 2nd period - Stopped by Ryan Miller with a rebound.
8:22 of 2nd period - Snap shot by Patrick Kane.
8:22 of 2nd period - Shot Blocked by Oskar Osala.
8:24 of 2nd period - Snap shot by Brayden Schenn.
8:24 of 2nd period - Goal by Brayden Schenn - Sharks : 3 - Maple Leafs : 5.
8:25 of 2nd period - Jason Spezza wins face-off versus Logan Couture in neutral zone.
8:50 of 2nd period - John Klingberg is hit by Drew Doughty and loses puck.
9:33 of 2nd period - Icing by Jason Spezza.
9:34 of 2nd period - Brayden Schenn wins face-off versus Jason Spezza in Sharks zone.
9:44 of 2nd period - Penalty to Ryan Parent is over, Ryan Parent is back on ice.
9:47 of 2nd period - Slapshot by Brayden Schenn.
9:47 of 2nd period - Shot Misses the Net.
9:49 of 2nd period - Snap shot by Brayden Schenn.
9:49 of 2nd period - Shot Misses the Net.
9:51 of 2nd period - Snap shot by Braydon Coburn.
9:51 of 2nd period - Shot Blocked by Mike Cammalleri.
9:53 of 2nd period - Backhand shot by Braydon Coburn.
9:53 of 2nd period - Stopped by Ryan Miller with a rebound.
10:03 of 2nd period - Backhand shot by Patrick Kane.
10:03 of 2nd period - Stopped by Ryan Miller with a rebound.
10:05 of 2nd period - Slapshot by Hampus Lindholm.
10:05 of 2nd period - Shot Misses the Net.
10:07 of 2nd period - Slapshot by Brayden Schenn.
10:07 of 2nd period - Shot Misses the Net.
10:15 of 2nd period - Slapshot by Hampus Lindholm.
10:15 of 2nd period - Stopped by Ryan Miller with a rebound.
10:35 of 2nd period - Snap shot by Nick Palmieri.
10:35 of 2nd period - Shot Misses the Net.
11:13 of 2nd period - Snap shot by Brayden Schenn.
11:13 of 2nd period - Stopped by Ryan Miller without a rebound.
11:14 of 2nd period - Logan Couture wins face-off versus T.J. Hensick in Sharks zone.
11:30 of 2nd period - Minor Penalty to Kevin Shattenkirk for Interference.
11:31 of 2nd period - T.J. Hensick wins face-off versus Logan Couture in Maple Leafs zone.
12:18 of 2nd period - Dany Heatley is hit by Bobby Butler and loses puck.
13:04 of 2nd period - Icing by T.J. Hensick.
13:05 of 2nd period - T.J. Hensick wins face-off versus Mika Zibanejad in Sharks zone.
13:30 of 2nd period - Penalty to Kevin Shattenkirk is over, Kevin Shattenkirk is back on ice.
14:22 of 2nd period - Bobby Butler is hit by Dany Heatley and loses puck.
14:35 of 2nd period - Off-side.
14:36 of 2nd period - Jason Spezza wins face-off versus Brayden Schenn in neutral zone.
15:28 of 2nd period - Wrist shot by Ben Smith.
15:28 of 2nd period - Shot Misses the Net.
15:30 of 2nd period - Snap shot by Braydon Coburn.
15:30 of 2nd period - Shot Blocked by Brayden McNabb.
15:32 of 2nd period - Snap shot by Ben Smith.
15:32 of 2nd period - Stopped by Ryan Miller without a rebound.
15:33 of 2nd period - Bo Horvat wins face-off versus Jason Spezza in Sharks zone.
15:45 of 2nd period - Wrist shot by Patrick Kane.
15:45 of 2nd period - Shot Misses the Net.
15:47 of 2nd period - Backhand shot by Braydon Coburn.
15:47 of 2nd period - Stopped by Ryan Miller with a rebound.
15:49 of 2nd period - Snap shot by Bo Horvat.
15:49 of 2nd period - Stopped by Ryan Miller with a rebound.
16:47 of 2nd period - Boone Jenner is hit by Claude Giroux and loses puck.
17:13 of 2nd period - Icing by Ryan Parent.
17:14 of 2nd period - Jason Spezza wins face-off versus Logan Couture in Maple Leafs zone.
18:07 of 2nd period - Wrist shot by Ben Smith.
18:07 of 2nd period - Stopped by Ryan Miller with a rebound.
18:09 of 2nd period - Snap shot by Jake Guentzel.
18:09 of 2nd period - Stopped by Ryan Miller without a rebound.
18:10 of 2nd period - T.J. Hensick wins face-off versus Bo Horvat in Sharks zone.
18:10 of 2nd period - T.J. Hensick is hit by Claude Giroux.
18:26 of 2nd period - Slapshot by Oskar Osala.
18:26 of 2nd period - Stopped by John Gibson without a rebound.
18:27 of 2nd period - Beau Bennett wins face-off versus Luke Adam in Maple Leafs zone.
18:33 of 2nd period - Drew Doughty is hit by Kevin Shattenkirk and loses puck.
18:36 of 2nd period - Wrist shot by Luke Adam.
18:36 of 2nd period - Shot Blocked by Kevin Shattenkirk.
18:38 of 2nd period - Wrist shot by Zach Boychuk.
18:38 of 2nd period - Shot Misses the Net.
18:40 of 2nd period - Slapshot by Andrej Sekera.
18:40 of 2nd period - Shot Blocked by Kevin Shattenkirk.
Goals for this period are 1 for Sharks vs 1 for Maple Leafs.
Shots for this period are 6 for Sharks vs 16 for Maple Leafs.
3rd period
0:01 of 3rd period - Bo Horvat wins face-off versus Jason Spezza in neutral zone.
0:06 of 3rd period - Wrist shot by Claude Giroux.
0:06 of 3rd period - Stopped by Ryan Miller without a rebound.
0:07 of 3rd period - Jason Spezza wins face-off versus Bo Horvat in Sharks zone.
0:38 of 3rd period - Slapshot by Kevin Shattenkirk.
0:38 of 3rd period - Shot Blocked by Oskar Osala.
0:46 of 3rd period - Brayden Schenn is hit by T.J. Hensick.
0:58 of 3rd period - Snap shot by Blake Comeau.
0:58 of 3rd period - Shot Misses the Net.
1:00 of 3rd period - Wrist shot by Dany Heatley.
1:00 of 3rd period - Shot Misses the Net.
1:02 of 3rd period - Snap shot by Hampus Lindholm.
1:02 of 3rd period - Shot Misses the Net.
1:04 of 3rd period - Wrist shot by Blake Comeau.
1:04 of 3rd period - Stopped by Ryan Miller with a rebound.
1:06 of 3rd period - Snap shot by Dany Heatley.
1:06 of 3rd period - Goal by Dany Heatley - Sharks : 3 - Maple Leafs : 6.
1:07 of 3rd period - Jason Spezza wins face-off versus Bo Horvat in neutral zone.
1:55 of 3rd period - Minor Penalty to Beau Bennett for Hooking.
1:56 of 3rd period - Jason Spezza wins face-off versus Logan Couture in Maple Leafs zone.
2:07 of 3rd period - Wrist shot by Drew Doughty.
2:07 of 3rd period - Shot Misses the Net.
2:47 of 3rd period - Tyler Cuma is hit by Claude Giroux and loses puck.
3:55 of 3rd period - Penalty to Beau Bennett is over, Beau Bennett is back on ice.
4:29 of 3rd period - Claude Giroux is hit by Milan Michalek and loses puck.
4:36 of 3rd period - PK Subban is hit by Brayden Schenn and loses puck.
4:59 of 3rd period - Slapshot by Milan Michalek.
4:59 of 3rd period - Stopped by John Gibson with a rebound.
5:24 of 3rd period - Slapshot by PK Subban.
5:24 of 3rd period - Goal by PK Subban - Sharks : 4 - Maple Leafs : 6.
5:25 of 3rd period - T.J. Hensick wins face-off versus Logan Couture in neutral zone.
5:32 of 3rd period - Slapshot by Drew Doughty.
5:32 of 3rd period - Shot Blocked by Jake Guentzel.
5:34 of 3rd period - Snap shot by T.J. Hensick.
5:34 of 3rd period - Shot Misses the Net.
5:36 of 3rd period - Wrist shot by T.J. Hensick.
5:36 of 3rd period - Shot Blocked by Hampus Lindholm.
5:38 of 3rd period - Slapshot by Mike Cammalleri.
5:38 of 3rd period - Stopped by John Gibson with a rebound.
5:40 of 3rd period - Slapshot by Drew Doughty.
5:40 of 3rd period - Stopped by John Gibson with a rebound.
6:05 of 3rd period - Snap shot by Zach Boychuk.
6:05 of 3rd period - Deflect By Nick Palmieri.
6:05 of 3rd period - Shot Misses the Net.
6:05 of 3rd period - Puck is out of play.
6:06 of 3rd period - Logan Couture wins face-off versus Jason Spezza in Maple Leafs zone.
6:06 of 3rd period - Logan Couture is hit by Zach Boychuk.
8:19 of 3rd period - Icing by Andre Burakovsky.
8:20 of 3rd period - Jason Spezza wins face-off versus Mika Zibanejad in Maple Leafs zone.
8:26 of 3rd period - Icing by Kevin Shattenkirk.
8:27 of 3rd period - Luke Adam wins face-off versus Mika Zibanejad in Maple Leafs zone.
8:36 of 3rd period - Snap shot by Zach Boychuk.
8:36 of 3rd period - Stopped by John Gibson without a rebound.
8:37 of 3rd period - Bo Horvat wins face-off versus Luke Adam in Maple Leafs zone.
9:32 of 3rd period - Milan Michalek is hit by Ben Smith and loses puck.
9:44 of 3rd period - Minor Penalty to Braydon Coburn for Hooking.
9:45 of 3rd period - Logan Couture wins face-off versus Jason Spezza in Maple Leafs zone.
9:55 of 3rd period - Slapshot by Drew Doughty.
9:55 of 3rd period - Shot Blocked by Logan Couture.
9:57 of 3rd period - Slapshot by Drew Doughty.
9:57 of 3rd period - Deflect By Nick Palmieri.
9:57 of 3rd period - Stopped by John Gibson without a rebound.
9:58 of 3rd period - Jason Spezza wins face-off versus Logan Couture in Maple Leafs zone.
10:01 of 3rd period - Snap shot by Jason Spezza.
10:01 of 3rd period - Stopped by John Gibson without a rebound.
10:02 of 3rd period - Jason Spezza wins face-off versus Logan Couture in Maple Leafs zone.
10:07 of 3rd period - Snap shot by Drew Doughty.
10:07 of 3rd period - Shot Misses the Net.
10:37 of 3rd period - Calvin de Haan is hit by Boone Jenner and loses puck.
11:44 of 3rd period - Penalty to Braydon Coburn is over, Braydon Coburn is back on ice.
11:53 of 3rd period - Snap shot by Zach Boychuk.
11:53 of 3rd period - Stopped by John Gibson with a rebound.
11:55 of 3rd period - Slapshot by PK Subban.
11:55 of 3rd period - Shot Blocked by Mika Zibanejad.
11:57 of 3rd period - Snap shot by PK Subban.
11:57 of 3rd period - Stopped by John Gibson without a rebound.
11:58 of 3rd period - Mika Zibanejad wins face-off versus Bobby Butler in Maple Leafs zone.
12:09 of 3rd period - Wrist shot by Zach Boychuk.
12:09 of 3rd period - Stopped by John Gibson without a rebound.
12:10 of 3rd period - T.J. Hensick wins face-off versus Bo Horvat in Maple Leafs zone.
12:46 of 3rd period - Snap shot by Jake Guentzel.
12:46 of 3rd period - Stopped by Ryan Miller with a rebound.
12:48 of 3rd period - Slapshot by Hampus Lindholm.
12:48 of 3rd period - Shot Misses the Net.
13:32 of 3rd period - Wrist shot by T.J. Hensick.
13:32 of 3rd period - Stopped by John Gibson without a rebound.
13:33 of 3rd period - T.J. Hensick wins face-off versus Bo Horvat in Maple Leafs zone.
13:37 of 3rd period - Minor Penalty to Kevin Shattenkirk for Tripping.
13:38 of 3rd period - Logan Couture wins face-off versus Jason Spezza in Maple Leafs zone.
13:46 of 3rd period - Jason Spezza is hit by John Klingberg and loses puck.
13:51 of 3rd period - Snap shot by Claude Giroux.
13:51 of 3rd period - Stopped by Ryan Miller without a rebound.
13:52 of 3rd period - Jason Spezza wins face-off versus Logan Couture in Sharks zone.
13:54 of 3rd period - Icing by Drew Doughty.
13:55 of 3rd period - Jason Spezza wins face-off versus Logan Couture in Sharks zone.
14:06 of 3rd period - Snap shot by Drew Doughty.
14:06 of 3rd period - Stopped by John Gibson without a rebound.
14:07 of 3rd period - Jason Spezza wins face-off versus Logan Couture in Maple Leafs zone.
14:12 of 3rd period - Backhand shot by Jason Spezza.
14:12 of 3rd period - Shot Blocked by Calvin de Haan.
15:37 of 3rd period - Penalty to Kevin Shattenkirk is over, Kevin Shattenkirk is back on ice.
16:14 of 3rd period - Snap shot by Mika Zibanejad.
16:14 of 3rd period - Stopped by Ryan Miller without a rebound.
16:15 of 3rd period - Brayden Schenn wins face-off versus Luke Adam in Sharks zone.
16:24 of 3rd period - Slapshot by Karl Alzner.
16:24 of 3rd period - Shot Misses the Net.
16:26 of 3rd period - Snap shot by Zach Boychuk.
16:26 of 3rd period - Goal by Zach Boychuk - Sharks : 5 - Maple Leafs : 6.
16:27 of 3rd period - Brayden Schenn wins face-off versus Nick Palmieri in neutral zone.
16:34 of 3rd period - Off-side.
16:35 of 3rd period - Jason Spezza wins face-off versus Brayden Schenn in neutral zone.
17:14 of 3rd period - Slapshot by Kevin Shattenkirk.
17:14 of 3rd period - Deflect By Andre Burakovsky.
17:14 of 3rd period - Shot Misses the Net.
17:14 of 3rd period - Puck is out of play.
17:15 of 3rd period - Bo Horvat wins face-off versus Luke Adam in Sharks zone.
17:42 of 3rd period - Braydon Coburn is hit by Jiri Tlusty and loses puck.
17:49 of 3rd period - Snap shot by Ben Smith.
17:49 of 3rd period - Stopped by Ryan Miller without a rebound.
17:50 of 3rd period - Brayden Schenn wins face-off versus T.J. Hensick in Sharks zone.
18:01 of 3rd period - Slapshot by Andre Burakovsky.
18:01 of 3rd period - Shot Misses the Net.
18:59 of 3rd period - Sharks, Ryan Miller is pulled from the net.
19:17 of 3rd period - Slapshot by Andrej Sekera.
19:17 of 3rd period - Stopped by John Gibson without a rebound.
19:18 of 3rd period - Patrick Roy call a timeout for Sharks.
19:18 of 3rd period - Jason Spezza wins face-off versus Brayden Schenn in Maple Leafs zone.
19:29 of 3rd period - Wrist shot by Jason Spezza.
19:29 of 3rd period - Stopped by John Gibson with a rebound.
19:31 of 3rd period - Wrist shot by Mike Cammalleri.
19:31 of 3rd period - Stopped by John Gibson with a rebound.
19:45 of 3rd period - Slapshot by Drew Doughty.
19:45 of 3rd period - Stopped by John Gibson with a rebound.
19:47 of 3rd period - Snap shot by PK Subban.
19:47 of 3rd period - Stopped by John Gibson without a rebound.
19:48 of 3rd period - Brayden Schenn wins face-off versus Jason Spezza in Maple Leafs zone.
19:50 of 3rd period - Minor Penalty to Patrick Kane for Cross-checking.
19:51 of 3rd period - Logan Couture wins face-off versus Jason Spezza in Maple Leafs zone.
Goals for this period are 2 for Sharks vs 1 for Maple Leafs.
Shots for this period are 18 for Sharks vs 7 for Maple Leafs.
Output by the SimonT Hockey Simulator (STHS) for Francois Prevost